 Dungeon Crawl Stone Soup version 0.30-a0-364-gf6b3ef1049 (webtiles) character file.

Game seed: 7143888774811252901

1406 Lobster4 the Sneak (level 9, -5/69 HPs)
             Began as a Human Wanderer on Nov 15, 2022.
             Killed by divine providence
             ... invoked by an orc priest
              (16 damage)
             ... on level 6 of the Dungeon.
             The game lasted 00:19:52 (5615 turns).

Lobster4 the Sneak (Human Wanderer)                 Turns: 5615, Time: 00:19:53

Health: -5/69      AC:  8    Str: 18    XL:     9   Next: 1%
Magic:  9/9        EV: 10    Int: 12    God:
Gold:   197        SH:  5    Dex: 18    Spells: 8/8 levels left

rFire   . . .      SeeInvis .    a - +2 dagger (venom)
rCold   . . .      Faith    .    u - +0 buckler
rNeg    . . .      Spirit   .    w - +0 ring mail
rPois   .          Reflect  .    (no helmet)
rElec   .          Harm     .    (no cloak)
rCorr   .          Rampage  .    i - +1 pair of gloves
Will    .....                    (no boots)
Stlth   +++.......               h - amulet of the acrobat
HPRegen 0.31/turn                m - +6 ring of strength
MPRegen 0.11/turn                (no ring)

@: no status effects
A: no striking features
a: no special abilities


You were on level 6 of the Dungeon.
You visited 1 branch of the dungeon, and saw 6 of its levels.

You collected 197 gold pieces.

Inventory:

Hand Weapons
 a - a +2 dagger of venom (weapon)
 b - a +0 sling
 j - a +0 hand axe
 n - a +0 spear
 r - a +0 long sword
 s - a +2 whip of freezing
 y - a +3 dagger
 A - a +1 mace of venom
 C - a +2 whip of freezing
Missiles
 B - 5 boomerangs
 D - a curare-tipped dart
 E - 3 javelins
Armour
 i - a +1 pair of gloves (worn)
 u - a +0 buckler (worn)
 w - a +0 ring mail (worn)
Jewellery
 h - an amulet of the acrobat (around neck)
 m - a +6 ring of strength (left hand)
Wands
 p - a wand of mindburst (17)
Scrolls
 c - a scroll of enchant armour
 d - 4 scrolls of fog
 e - 2 scrolls of immolation
 k - a scroll of enchant weapon {unknown}
 t - a scroll of acquirement {unknown}
Potions
 f - 2 potions of haste
 g - 7 potions of curing {unknown}
 l - 2 potions of resistance {unknown}
 o - 3 potions of berserk rage {unknown}
 q - 4 potions of flight {unknown}
 v - a potion of lignification {unknown}
 z - a potion of cancellation


   Skills:
 + Level 5.6 Fighting
 + Level 3.0 Short Blades
 - Level 3.0 Ranged Weapons
 - Level 1.0 Throwing
 + Level 5.0 Armour
 - Level 1.0 Dodging
 + Level 6.0 Stealth
 + Level 4.3 Shields
 - Level 1.0 Invocations


You had 8 spell levels left.
You didn't know any spells.
Your spell library contained the following spells:

 Spells                   Type           Power      Damage    Failure   Level
 Dazzling Flash           Conj/Hex       0%         N/A       91%         3
 Frozen Ramparts          Ice            0%         1d1       91%         3
 Summon Guardian Golem    Hex/Summ       0%         N/A       91%         3
 Ice Form                 Ice/Tmut       0%         N/A       100%        4
 Summon Ice Beast         Ice/Summ       0%         N/A       100%        4
 Agony                    Necr           0%         N/A       100%        5
 Silence                  Hex/Air        0%         N/A       100%        5
 Orb of Destruction       Conj           0%         9d5       100%        7
 Spellforged Servitor     Conj/Summ      0%         N/A       100%        7


Dungeon Overview and Level Annotations

Branches:
Dungeon (6/15)
 Temple: D:4-7

Altars:
Dithmenos
Elyvilon
Qazlal
Trog
Xom
Yredelemnul
Zin
The Shining One

Annotations:
D:3 1 exclusion
D:4 2 runed translucent doors, mcwallace's ghost, weakling OpFE
D:5 Menkaure


Message History

The orc hits you with a +0 club.
The orc priest hits you but does no damage.
You are electrocuted!
You block the orc wizard's attack.
You hit the orc priest.
The orc priest is poisoned.
The orc priest is lightly wounded.
You hit the orc priest.
The orc priest looks as sick as possible!
The orc priest is heavily wounded.
You kill the orc priest!
The orc hits you with a +0 club.
The orc wizard points at you and mumbles some strange words.
You resist with some effort.
You have reached level 9!
Your experience leads to an increase in your attributes!
Your base attributes are Str 12, Int 12, Dex 16.
Increase (S)trength, (I)ntelligence, or (D)exterity?
You feel agile. x2
You closely miss the orc. The orc wizard casts a spell at you.
You easily resist.
You closely miss the orc priest. The orc hits you with a +0 club.
The orc priest hits you but does no damage.
The orc wizard points at you and mumbles some strange words.
The puff of flame hits you!
* * * LOW HITPOINT WARNING * * *
You barely miss the orc priest. The orc completely misses you.
The orc priest looks satisfied for a moment.
The orc wizard hits you but does no damage.
You hit the orc priest.
The orc priest is lightly wounded.
The orc hits you but does no damage. The orc priest hits you with a +0 club.
* * * LOW HITPOINT WARNING * * *
You block the orc wizard's attack.
You hit the orc priest.
The orc priest is poisoned.
The orc priest is moderately wounded.
You kill the orc wizard!
The orc closely misses you.
The orc priest mumbles some strange prayers to Beogh against you.
Beogh smites you!
You die...

#......#...#....#...#
#......#####....#..##
#......#...#....#†)## #.
#......#)..#....#....
#..#......#...#....#....
..#..#......'...#....'....
..#..'......#...#....#....
...##...o..#####....#####
#.....o@####............
#.....))#..#............
#.......+..+............
#.......#..#............
#.......#..#.......##+#.
#.......#'####.....# #.
#.[.....'....+.....# #.
#.......#....#.....+ #.
#.......######.... +.


You could see an orc priest (very poisoned) and an orc.

Vanquished Creatures
  Pikel (D:5)
  A wyvern (D:4)
  An orc warrior (D:4)
  An ice beast (D:6)
  2 ogres
  3 lemures (D:4)
  A kobold brigand (D:6)
  A scorpion (D:5)
  A hound (D:6)
  An orc priest (D:6)
  2 iguanas
  2 orc wizards
  4 adders
  3 gnolls (D:2)
  3 worms (D:5)
  6 orcs
  10 endoplasms
  A giant cockroach (D:3)
  9 goblins
  9 hobgoblins
  6 jackals
  5 kobolds
  5 quokkas
  6 ball pythons
  10 bats
  5 frilled lizards
  A kobold zombie (D:3)
  8 rats
108 creatures vanquished.

Notes
Turn   | Place    | Note
-------+----------+-------------------------------------------
     0 | D:1      | Lobster4 the Human Wanderer began the quest for the Orb.
     0 | D:1      | Lobster4 set off with the following items: a +3 dagger, a
                  | scroll of fear, a potion of attraction, a scroll of fog, a
                  | +0 robe.
     0 | D:1      | Reached XP level 1. HP: 16/16 MP: 1/1
   148 | D:1      | Reached XP level 2. HP: 22/22 MP: 2/2
   342 | D:1      | Reached XP level 3. HP: 19/28 MP: 3/3
   457 | D:1      | Reached skill level 1 in Dodging
  1120 | D:2      | Reached skill level 1 in Short Blades
  1120 | D:2      | Reached XP level 4. HP: 34/34 MP: 4/4
  1824 | D:3      | Reached skill level 1 in Ranged Weapons
  1825 | D:3      | Reached XP level 5. HP: 32/40 MP: 5/5
  1926 | D:3      | Found a runed translucent door.
  1926 | D:3      | Noticed a human
  1928 | D:3      | Found a basalt altar of Yredelemnul.
  2721 | D:4      | Noticed an ogre
  3032 | D:4      | Found a runed translucent door.
  3034 | D:4      | Noticed mcwallace's ghost (weakling OpFE)
  3056 | D:4      | Found a runed translucent door.
  3256 | D:4      | Noticed a bullfrog
  3320 | D:4      | Noticed a wyvern
  3375 | D:5      | Entered Level 5 of the Dungeon
  3415 | D:5      | Noticed a lemure
  3434 | D:5      | Noticed an orc warrior
  3443 | D:4      | Killed an orc warrior
  3444 | D:4      | Reached skill level 1 in Shields
  3444 | D:4      | Reached XP level 6. HP: 47/47 MP: 6/6
  3571 | D:5      | Found a shimmering altar of Xom.
  3571 | D:5      | Found a shimmering altar of Xom.
  3573 | D:5      | Noticed an ogre
  3601 | D:5      | Killed an ogre
  3602 | D:5      | Reached XP level 7. HP: 15/52 MP: 7/7
  3737 | D:5      | Noticed Menkaure
  3881 | D:4      | Killed a wyvern
  3882 | D:4      | Reached skill level 6 in Stealth
  4593 | D:5      | Noticed Pikel
  4702 | D:5      | Killed Pikel
  4703 | D:5      | Reached skill level 5 in Fighting
  4703 | D:5      | Reached XP level 8. HP: 25/62 MP: 8/8
  4840 | D:5      | Found a shimmering altar of Xom.
  4843 | D:5      | Found a shimmering altar of Xom.
  4845 | D:5      | Found a shimmering altar of Xom.
  4903 | D:5      | Found a shimmering altar of Xom.
  4981 | D:5      | Found a shimmering altar of Xom.
  5091 | D:5      | Noticed a moth of wrath
  5094 | D:5      | Found a bloodstained altar of Trog.
  5218 | D:6      | Found a shadowy altar of Dithmenos.
  5221 | D:6      | Found a glowing golden altar of the Shining One.
  5221 | D:6      | Found a white marble altar of Elyvilon.
  5224 | D:6      | Found a glowing silver altar of Zin.
  5353 | D:6      | Found a stormy altar of Qazlal.
  5483 | D:6      | Reached skill level 5 in Armour
  5611 | D:6      | Reached XP level 9. HP: 23/69 MP: 9/9
  5615 | D:6      | Killed from afar by an orc priest

Illustrated notes

Levels and vault maps discovered:
D:1:      sevenhm_arrival_forest_fort_small_6, layout_loops_ring, minivault_26,
          kennysheep_another_room, eino_curves_03
D:2:      layout_basic
D:3:      layout_loops_ring, dk_yredelemnul_ordeal, nicolae_figureground_sparkle
D:4:      layout_loops_corners, ebering_ghost_sewer_f
D:5:      layout_rooms, tgw_trog, nicolae_xom_altar_mimics, minivault_25,
          uniq_menkaure, uniq_crazy_yiuf_cottage, uniq_pikel
D:6:      layout_gridville, mainiacjoe_overflow_24_doors,
          grunt_temple_overflow_open

Skill      XL: |  1  2  3  4  5  6  7  8 |
---------------+-------------------------+-----
Dodging        | 1 |  1.0
Short Blades   | 1 2 3 |  3.0
Armour         | 2 3 4 5 |  5.0
Ranged Weapons | 1 2 3 |  3.0
Fighting       | 3 5 |  5.6
Shields        | 1 3 4 |  4.3
Stealth        | 6 |  6.0
Throwing       | |  1.0
Invocations    | |  1.0

Action                   |  1- 3 |  4- 6 |  7- 9 || total
-------------------------+-------+-------+-------++-------
Melee: Dagger            |    56 |   132 |   128 ||   316
       Punch             |       |     1 |       ||     1
 Fire: Sling             |       |     2 |     2 ||     4
  Use: Scroll            |     1 |     5 |     5 ||    11
       Potion            |       |       |     3 ||     3
 Stab: Sleeping          |    11 |    13 |     3 ||    27
       Distracted        |     1 |     1 |       ||     2
Armor: Robe              |     6 |       |       ||     6
       Leather armour    |     1 |    12 |       ||    13
       Ring mail         |       |    20 |    33 ||    53
Dodge: Dodged            |    37 |    64 |    73 ||   174
Block: Buckler           |       |     4 |    28 ||    32

Table legend: (Time is in decaauts)
 A = Elapsed time spent in this place.
 B = Non-inter-level travel time spent in this place.
 C = Inter-level travel time spent in this place.
 D = Time resting spent in this place.
 E = Time spent auto-exploring this place.
 F = Levels seen in this place.
 G = Mean time per level.
                   A        B        C        D        E       F      G
               +--------+--------+--------+--------+--------+-----+--------+
         Total |   5570 |   5348 |    222 |    402 |   3685 |   6 |  928.3 |
       Dungeon |   5570 |   5348 |    222 |    402 |   3685 |   6 |  928.3 |
               +--------+--------+--------+--------+--------+-----+--------+

Top non-repeatable levels by time:
     D:4: 1716 daAuts
     D:1: 896 daAuts
     D:3: 879 daAuts
     D:5: 839 daAuts
     D:2: 818 daAuts
     D:6: 420 daAuts
